AoeStats
← HAKUNA MATATA

Arena

505681821Analyzed
4v4 RM · 22d ago on Sep 10, 2026· 28m 32s· 8 players
Game mode
Random Map
Map size
Large (8 player)
Population
200
Speed
Normal
Resources
Standard
Victory
Conquest
Starting age
Dark Age
Ending age
Imperial Age
RankedLock teamsTeams togetherTeam positionsShared explorationLock speedFull tech treeHidden civsTurbo modeCheats
Victory
Defeat
🇪🇸 Britons · Spain
1544
+12
🇭🇰 Bohemians · Hong Kong SAR China
1442
+17
🇦🇷 Teutons · Argentina
1392
+19
🇹🇷 Khmer · Türkiye
1384
+19
🇮🇹 Mongols · Italy
1512
-19
🇹🇷 Italians · Türkiye
1483
-18
🇮🇹 Poles · Italy
1440
-16
🇳🇦 Byzantines · Namibia
1392
-14
302
11:46 Feudal Age
15:18 Castle Age
13:15 Double-Bit Axe
13:13 Horse Collar
16:45 Wheelbarrow
17:33 Bow Saw
Puskas
10:11 Feudal Age
10:37 Loom
13:52 Castle Age
14:01 Double-Bit Axe
13:59 Horse Collar
23:29 Wheelbarrow
24:19 Bow Saw
24:11 Gold Mining
24:11 Stone Mining
24:18 Stone Mining
28:05 Imperial Age
26:32 Fletching
26:42 Padded Archer Armor
27:34 Ballistics
27:28 Bodkin Arrow
27:11 Crossbowman
28:19 Town Watch
29:09 Bracer
Bear
7:06 Loom
9:22 Feudal Age
17:11 Double-Bit Axe
17:19 Fletching
21:42 Wheelbarrow
26:30 Castle Age
25:53 Horse Collar
26:25 Forging
26:21 Scale Barding Armor
26:47 Pikeman
27:27 Squires
27:49 Scale Mail Armor
28:25 Iron Casting
HAKUNA MATATA
11:04 Feudal Age
14:17 Castle Age
12:29 Horse Collar
13:27 Double-Bit Axe
13:29 Loom
14:49 Bloodlines
21:08 Husbandry
21:29 Forging
21:25 Scale Barding Armor
27:34 Imperial Age
25:19 Town Watch
28:00 Padded Archer Armor
CBRM
GdR_Tuna
10:59 Feudal Age
14:42 Castle Age
13:01 Double-Bit Axe
13:24 Horse Collar
15:44 Bow Saw
Wolfram
9:48 Feudal Age
10:28 Double-Bit Axe
10:31 Loom
17:03 Castle Age
22:40 Pikeman
25:44 Wheelbarrow
27:12 Bow Saw
27:46 Horse Collar
GdR_Charizard
6:25 Loom
8:53 Feudal Age
9:49 Double-Bit Axe
17:36 Horse Collar
20:38 Castle Age
Connection lost

Rejoining the realm…

Still unreachable

The connection could not be restored.

Session expired

The server has moved on; the page needs a fresh start.